 Dungeon Crawl Stone Soup version 0.20-a0-949-g916514f (webtiles) character file.

705 M4edhros the Covert (level 7, -1/43 HPs)
             Began as an Octopode Artificer on Apr 4, 2017.
             Slain by a hellwing (10 damage)
             ... summoned by Xom
             ... in an ossuary.
             The game lasted 00:05:21 (2758 turns).

M4edhros the Covert (Octopode Artificer)            Turns: 2758, Time: 00:05:21

Health: -1/43      AC:  1    Str: 11    XL:     7   Next: 67%
Magic:  9/9        EV: 13    Int: 13    God:    Xom [......]
Gold:   92         SH:  0    Dex: 15    Spells: 6/6 levels left

rFire    . . .     SeeInvis .   a - +0 short sword
rCold    . . .     Gourm    .   (no shield)
rNeg     . . .     Faith    .   (helmet restricted)
rPois    .         Spirit   .   (no amulet)
rElec    .         Reflect  .   (no ring)
rCorr    .         Harm     .   (no ring)
MR       .....                  (no ring)
Stlth    ++++++....             (no ring)
Regen    0.2/turn               (no ring)
MPRegen  0.2/turn               (no ring)
                                (no ring)
                                (no ring)

@: no status effects
A: almost no armour, stealthy swim, amphibious, 8 rings, constrict 8, camouflage
1, gelatinous body 1
a: Renounce Religion


You were in an ossuary.
You worshipped Xom.
You were a very special plaything of Xom.
You were very hungry.

You visited 1 branch of the dungeon, and saw 5 of its levels.
You also visited: Ossuary.

You collected 92 gold pieces.

Inventory:

Hand Weapons
 a - a +0 short sword (weapon)
 e - a +0 falchion
Missiles
 k - 3 javelins (quivered)
Wands
 b - a wand of flame (0/48)
 c - a wand of enslavement (7/24)
 d - a wand of random effects (11/48)
Scrolls
 i - a scroll of enchant weapon
 m - a scroll of amnesia
Potions
 g - 2 potions of curing
Comestibles
 f - 3 bread rations
 h - a meat ration
 j - 3 fruits
 o - a royal jelly


   Skills:
 - Level 1.0 Fighting
 - Level 1.0 Short Blades
 - Level 2.0 Dodging
 + Level 11.4 Stealth
 - Level 3.2 Evocations


You had 6 spell levels left.
You didn't know any spells.

Dungeon Overview and Level Annotations

Branches:
Dungeon (5/15)
 Temple: D:4-7

Altars:
Xom

Shops:
D:4 [


Innate Abilities, Weirdness & Mutations

You cannot wear most types of armour.
You are very stealthy in the water. (Stealth+)
You are amphibious.
You can wear up to eight rings at the same time.
You can use your tentacles to constrict eight enemies at once.
Your skin changes colour to match your surroundings (Stealth+).
Your rubbery body absorbs attacks. (AC +1, EV +1)


Message History

Press: ? - help, Shift-Dir - straight line, f/p - hellwing
Aim: a hellwing (summoned, chance to defeat MR: 22%)
The shadow imp is charmed.
This wand has 8 charges left.
Your shadow imp closely misses the hellwing.
The hellwing barely misses your shadow imp.
The hellwing hits your shadow imp.
Your shadow imp hits the hellwing but does no damage.
The shadow imp hits your shadow imp.
The hellwing swoops through the air toward you!
The hellwing hits you! The hellwing barely misses you.
Evoke which item? (* to show all) (? for menu, Esc to quit)
Aiming: Enslavement
Press: ? - help, Shift-Dir - straight line, f/p - hellwing
Aim: a hellwing (summoned, chance to defeat MR: 22%)
The hellwing resists with almost no effort.
This wand has 7 charges left.
The hellwing hits you!
* * * LOW HITPOINT WARNING * * *
The hellwing hits you!
You die...
Xom yawns loudly!

#...# #. #...# #.
#...# #. #...# #.
#...# ....# #.
#.5.# ....# #Z
#.5.# ....## #.
#...# .... #. #.@.#
#..# #. #.4.# #..#
#. #...# #..# #.
#...######..######.
#....§ZZ...........
#.....§M.8..8......
#.....§............
#..................
###################


You could see a hellwing, a shadow imp and a friendly shadow imp.

Vanquished Creatures
  Eustachio (D:4)
  An ice beast (D:5)
  A centaur (D:5)
  An elf zombie (Ossuary)
  A howler monkey (D:4)
  A crimson imp (D:5)
  A centaur zombie (Ossuary)
  3 orc priests (D:3)
  An orc wizard (D:3)
  2 gnolls (D:3)
  An adder (D:2)
  An ooze (D:3)
  2 worms (D:2)
  A dart slug (D:3)
  2 leopard geckos
  6 orcs (D:3)
  2 giant cockroaches
  A goblin (D:3)
  3 hobgoblins
  8 jackals
  6 kobolds
  A ball python (D:4)
  7 bats
  A goblin zombie (Ossuary)
  11 hobgoblin zombies (Ossuary)
  2 jackal zombies (Ossuary)
  5 kobold zombies (Ossuary)
  7 orc zombies (Ossuary)
  2 rats
82 creatures vanquished.

Vanquished Creatures (collateral kills)
  A mummy (Ossuary)
  A gnoll (D:3)
  A leopard gecko (D:3)
  An orc (D:3)
  A goblin (D:3)
  2 jackals (D:3)
  3 hobgoblin zombies (Ossuary)
  A rat zombie (Ossuary)
11 creatures vanquished.

Vanquished Creatures (others)
  A mummy (Ossuary)
  An orc (D:3)
  2 hobgoblin zombies (Ossuary)
  A rat zombie (Ossuary)
5 creatures vanquished.

Grand Total: 98 creatures vanquished

Notes
Turn   | Place    | Note
-------+----------+-------------------------------------------
     0 | D:1      | M4edhros the Octopode Artificer began the quest for the Orb.
     0 | D:1      | Reached XP level 1. HP: 13/13 MP: 3/3
    46 | D:1      | Reached skill level 2 in Stealth
   250 | D:1      | Reached skill level 3 in Stealth
   250 | D:1      | Reached XP level 2. HP: 13/18 MP: 4/4
   350 | D:2      | Reached skill level 4 in Stealth
   511 | D:2      | Reached XP level 3. HP: 9/23 MP: 5/5
  1034 | D:3      | Reached skill level 5 in Stealth
  1051 | D:3      | Reached XP level 4. HP: 5/28 MP: 6/6
  1384 | D:3      | Reached skill level 6 in Stealth
  1396 | D:3      | Reached XP level 5. HP: 18/33 MP: 7/7
  1429 | D:3      | Reached skill level 7 in Stealth
  1850 | D:3      | Reached skill level 8 in Stealth
  1928 | D:5      | Entered Level 5 of the Dungeon
  1946 | D:5      | Noticed a centaur
  1954 | D:5      | Killed a centaur
  1954 | D:5      | Reached XP level 6. HP: 24/38 MP: 8/8
  1982 | D:5      | Found a shimmering altar of Xom.
  1988 | D:5      | Became a worshipper of Xom the Tricky
  2042 | D:5      | Reached skill level 9 in Stealth
  2058 | D:5      | Noticed an ice beast
  2071 | D:5      | Killed an ice beast
  2106 | D:5      | Reached skill level 10 in Stealth
  2157 | D:4      | Noticed Eustachio
  2169 | D:4      | Killed Eustachio
  2169 | D:4      | Reached XP level 7. HP: 13/43 MP: 9/9
  2173 | D:4      | Found Kett's Antique Armour Shoppe.
  2219 | D:4      | Found a sand-covered staircase.
  2226 | Ossuary  | Entered an ossuary
  2399 | Ossuary  | Reached skill level 11 in Stealth
  2602 | Ossuary  | XOM: mild Pois miscast
  2627 | Ossuary  | XOM: destruction
  2680 | Ossuary  | XOM: fog
  2685 | Ossuary  | XOM: cleaving
  2747 | Ossuary  | XOM: summons 3 hostile demons
  2748 | Ossuary  | Noticed a hellwing
  2758 | Ossuary  | Slain by a hellwing

Vault maps used:
D:1:      dpeg_arrival_renting
D:2:      first_bread, minmay_surrounded
D:3:      uniq_sigmund
D:4:      chequers_ossuary_entry_cave, serial_shops, nicolae_shop_behind_doors,
          roderic_lattice_a, uniq_eustachio, uniq_duvessa, uniq_menkaure
D:5:      lemuel_round_altar, kennysheep_boxes
Ossuary:  ossuary_tomb_1

Skill      XL: |  1  2  3  4  5  6  7 |
---------------+----------------------+-----
Stealth        | 3 4 5 6 8 10 11 | 11.4
Fighting       | |  1.0
Short Blades   | |  1.0
Dodging        | |  2.0
Evocations     | |  3.2

Action                   |  1- 3 |  4- 6 |  7- 9 || total
-------------------------+-------+-------+-------++-------
Melee: Short sword       |    59 |    46 |    71 ||   176
       Constrict         |    15 |    25 |    25 ||    65
       Tentacles         |     9 |    20 |    15 ||    44
       Halberd           |       |    33 |       ||    33
Evoke: Wand              |     5 |    12 |    10 ||    27
  Use: Scroll            |       |     7 |       ||     7
       Potion            |       |     2 |     1 ||     3
 Stab: Sleeping          |    10 |     4 |     7 ||    21
       Confused          |       |       |     2 ||     2
  Eat: Chunk             |       |     4 |     1 ||     5
Armor: Skin              |     5 |    12 |     8 ||    25
Dodge: Dodged            |    33 |    49 |    61 ||   143
